 Dungeon Crawl Stone Soup version 0.20.0-15-g7f486f2 (webtiles) character file.

69 CODWOMAN the Chiller (level 4, -3/30 HPs)
             Began as a Demonspawn Ice Elementalist on June 15, 2017.
             Slain by a worm (10 damage)
             ... on level 2 of the Dungeon.
             The game lasted 00:08:49 (2581 turns).

CODWOMAN the Chiller (Demonspawn Ice Elementalist)  Turns: 2581, Time: 00:08:50

Health: -3/30      AC:  7    Str:  9    XL:     4   Next: 2%
Magic:  7/8        EV: 10    Int: 17    God:
Gold:   131        SH:  0    Dex: 13    Spells: 7/8 levels left

rFire    . . .     SeeInvis .   g - +0 dagger
rCold    . . .     Gourm    .   (no shield)
rNeg     . . .     Faith    .   e - +0 ring mail
rPois    .         Spirit   .   q - +0 helmet
rElec    .         Reflect  .   s - +0 cloak
rCorr    .         Harm     .   (no gloves)
MR       .....                  (no boots)
Stlth    +.........             (no amulet)
Regen    0.1/turn               (no ring)
MPRegen  0.2/turn               (no ring)

@: no status effects
A: hooves 1, powered by death 1
a: no special abilities


You were on level 2 of the Dungeon.
You were hungry.

You visited 1 branch of the dungeon, and saw 2 of its levels.

You collected 131 gold pieces.

Inventory:

Hand Weapons
 g - a +0 dagger (weapon)
Missiles
 p - 6 needles of sleeping
 t - 4 javelins (quivered)
Armour
 a - a +0 robe
 d - a +0 leather armour
 e - a +0 ring mail (worn)
 q - a +0 helmet (worn)
 s - a +0 cloak (worn)
Scrolls
 h - a scroll of enchant weapon {unknown}
 i - 3 scrolls of random uselessness {unknown}
 j - a scroll of amnesia {unknown}
 l - a scroll of blinking {unknown}
 m - a scroll of teleportation {unknown}
 n - 2 scrolls of fear {unknown}
 r - 2 scrolls of identify {unknown}
 u - a scroll of remove curse {unknown}
Potions
 f - 2 potions of magic {unknown}
 k - 5 potions of curing {unknown}
 o - a potion of degeneration {unknown}
Books
 b - a book of Frost

   Spells                             Type                      Level
   a - Freeze                         Ice                          1
   b - Throw Frost                    Conjuration/Ice              2
   c - Ozocubu's Armour               Charms/Ice                   3
   d - Throw Icicle                   Conjuration/Ice              4
   e - Summon Ice Beast               Ice/Summoning                4
Comestibles
 c - a bread ration
 v - 2 chunks of flesh


   Skills:
 + Level 2.4 Dodging
 + Level 2.7 Stealth
 + Level 2.7 Spellcasting
   Level 1.0 Conjurations
 + Level 3.0 Ice Magic


You had 7 spell levels left.
You knew the following spells:

 Your Spells              Type           Power        Failure   Level  Hunger
a - Freeze                Ice            ##..         14%         1    #......


Dungeon Overview and Level Annotations

Branches:
Dungeon (2/15)

Altars:


Innate Abilities, Weirdness & Mutations

You have large cloven feet.
You regenerate a little health from kills.


Message History

Your feet thicken and deform.
You see here an adder corpse.
You butcher the adder corpse.
v - 2 chunks of flesh You see here a mace.
The worm bites you. The worm bites you. The worm bites you but does no damage.
The worm bites you! The worm bites you but does no damage.
The worm closely misses you. The worm bites you.
The worm bites you but does no damage. The worm bites you.
The worm bites you but does no damage. The worm barely misses you.
The worm bites you.
* * * LOW HITPOINT WARNING * * *
The worm bites you!
You die...

##.## #.# ..# #.# ..#
##'## ...# # ##...##
...###.#.....#
...............
###...####........
#@.......+........
#.###w#...####........
#.........# ##.......
#####.##### ##.....#
#)# ##...## #.# ##+##
#.# #.# ##.########
#.# #.........#
###.###


You could see a worm.

Vanquished Creatures
  2 adders (D:2)
  An ooze (D:2)
  A worm (D:2)
  A dart slug (D:1)
  2 leopard geckos
  4 bats (D:2)
  3 giant cockroaches (D:1)
  3 goblins
  6 hobgoblins
  5 jackals (D:2)
  2 kobolds
  A ball python (D:1)
  A frilled lizard (D:1)
  4 rats
36 creatures vanquished.

Notes
Turn   | Place    | Note
-------+----------+-------------------------------------------
     0 | D:1      | CODWOMAN the Demonspawn Ice Elementalist began the quest for the Orb.
     0 | D:1      | Reached XP level 1. HP: 13/13 MP: 3/3
   734 | D:1      | Gained mutation: You regenerate a little health from kills. [demonic ancestry]
   734 | D:1      | Reached XP level 2. HP: 18/19 MP: 3/5
  1496 | D:2      | Reached XP level 3. HP: 17/24 MP: 0/6
  1944 | D:2      | Reached skill level 3 in Ice Magic
  2155 | D:2      | HP: 1/24 [worm (9)]
  2544 | D:2      | Gained mutation: You have large cloven feet. [demonic ancestry]
  2544 | D:2      | Reached XP level 4. HP: 30/30 MP: 3/8
  2581 | D:2      | Slain by a worm

Skill      XL: |  1  2  3 |
---------------+----------+-----
Stealth        | 2 |  2.7
Dodging        | 2 |  2.4
Ice Magic      | 3 |  3.0
Spellcasting   | |  2.7
Conjurations   | |  1.0

Action                   |  1- 3 |  4- 6 || total
-------------------------+-------+-------++-------
Melee: Dagger            |   122 |       ||   122
 Cast: Freeze            |    46 |       ||    46
 Stab: Sleeping          |     1 |       ||     1
  Eat: Chunk             |     5 |       ||     5
Armor: Robe              |     3 |       ||     3
       Ring mail         |    64 |     4 ||    68
Dodge: Dodged            |    99 |     2 ||   101
